 Dungeon Crawl Stone Soup version 0.20-a0-548-g4f8a798 (webtiles) character file.

235 Krakonus1 the Skirmisher (level 6, -2/57 HPs)
             Began as a Naga Fighter on Feb 1, 2017.
             Shot with an arrow by a centaur (3 damage)
             ... on level 4 of the Dungeon.
             The game lasted 00:07:57 (1233 turns).

Krakonus1 the Skirmisher (Naga Fighter)             Turns: 1233, Time: 00:07:58

Health: -2/57      AC:  6    Str: 20    XL:     6   Next: 5%
Magic:  6/6        EV:  6    Int:  8    God:
Gold:   69         SH: 10    Dex: 11    Spells: 5/5 levels left

rFire    . . .     SeeInvis +   a - +1 war axe
rCold    . . .     Gourm    .   b - +1 scale mail
rNeg     . . .     Faith    +   c - +1 shield
rPois    +         Spirit   .   (no helmet)
rElec    .         Reflect  .   (no cloak)
rCorr    .         Harm     .   (no gloves)
MR       .....                  (no barding)
Stlth    +.........             m - amulet of faith
Regen    0.2/turn               (no ring)
                                (no ring)

@: very slightly contaminated, hasted, quick
A: see invisible, deformed body, poison resistance, slowness 2, slow metabolism
1, spit poison 1, AC +2
a: Spit Poison


You were on level 4 of the Dungeon.
You were not hungry.

You visited 1 branch of the dungeon, and saw 4 of its levels.

You collected 69 gold pieces.

Inventory:

Hand Weapons
 a - a +1 war axe (weapon)
Missiles
 d - a throwing net (quivered)
Armour
 b - a +1 scale mail (worn)
 c - a +1 shield (worn)
Jewellery
 m - an amulet of faith (around neck)
Wands
 e - a wand of acid (0/15)
Scrolls
 l - a scroll of random uselessness {unknown}
Comestibles
 f - 3 bread rations
 g - 3 chunks of flesh
 h - a royal jelly
 j - 6 fruits


   Skills:
 + Level 3.8 Fighting
 + Level 3.2 Axes
 * Level 3.5 Armour
 * Level 1.0 Dodging
 * Level 2.7 Stealth
 * Level 3.0 Shields


You had 5 spell levels left.
You didn't know any spells.

Dungeon Overview and Level Annotations

Branches:
Dungeon (4/15)
 Temple: D:4-7

Altars:


Innate Abilities, Weirdness & Mutations

You cannot wear boots.
Your serpentine skin is tough. (AC +2)
You have supernaturally acute eyesight. (SInv)
Armour fits poorly on your strangely shaped body.
Your system is resistant to poisons. (rPois)
You cover ground very slowly.
You have a slow metabolism.
You can spit poison.


Message History

Found a stone staircase leading down.
There is an open door here.
Evoke which item? (* to show all) (? for menu, Esc to quit)
Aiming: Corrosive Bolt (will waste charges)
Press: ? - help, Shift-Dir - straight line, f/p - centaur
Aim: a centaur, wielding a shortbow The bolt of acid hits the worker ant.
The worker ant is splashed with acid.
The acid corrodes the worker ant!
You kill the worker ant!
Your Shields skill increases to level 3!
You have reached level 6!
Your experience leads to an increase in your attributes!
Increase (S)trength, (I)ntelligence, or (D)exterity?
You feel stronger.
Your skin feels tougher.
The bolt of acid hits the centaur.
The centaur is splashed with acid.
The acid corrodes the centaur!
The centaur is severely wounded.
Evoking this partially-identified wand wasted a few charges.
The centaur shoots an arrow.
The arrow hits you.
You die...

####### #.....#
######.....#
+.>.@'c....#####
##.###..(......## ##
#.......(....... ..
...c....(...#+####.#
....................#
........###.........#
........###.........#
....................#
...................#


You could see a centaur.

Vanquished Creatures
  A bullfrog zombie (D:4)
  A hound (D:4)
  2 orc wizards (D:4)
  2 worker ants (D:4)
  2 gnolls (D:2)
  2 adders
  2 worms
  A leopard gecko (D:2)
  2 orcs (D:4)
  A goblin (D:1)
  4 hobgoblins
  4 jackals (D:4)
  A kobold (D:2)
  A quokka (D:2)
  A leopard gecko skeleton (D:4)
  3 rats
30 creatures vanquished.

Notes
Turn   | Place    | Note
-------+----------+-------------------------------------------
     0 | D:1      | Krakonus1 the Naga Fighter began the quest for the Orb.
     0 | D:1      | Reached XP level 1. HP: 21/21 MP: 1/1
   107 | D:2      | Reached XP level 2. HP: 12/28 MP: 2/2
   110 | D:2      | Reached XP level 3. HP: 11/34 MP: 3/3
   696 | D:4      | Reached skill level 1 in Stealth
   696 | D:4      | Reached XP level 4. HP: 14/42 MP: 4/4
   962 | D:4      | Reached XP level 5. HP: 49/50 MP: 5/5
   995 | D:4      | Reached skill level 1 in Dodging
  1222 | D:4      | Noticed a centaur
  1230 | D:4      | HP: 1/50 [worker ant (6)]
  1233 | D:4      | Reached XP level 6. HP: 1/57 MP: 6/6
  1233 | D:4      | Shot with an arrow by a centaur

Vault maps used:
D:1:      dpeg_arrival_erosion, nemelex_xobeh_ov_fountains_minmay
D:2:      minmay_door_path, first_bread, minmay_misc_feat_diagonals,
          minmay_tripent, uniq_natasha
D:3:      okawaru_ov_weapons_minmay

Skill      XL: |  1  2  3  4  5 |
---------------+----------------+-----
Stealth        | 1 2 |  2.7
Armour         | 3 |  3.5
Axes           | 3 |  3.2
Dodging        | 1 |  1.0
Shields        | 3 |  3.0
Fighting       | |  3.8

Action                   |  1- 3 |  4- 6 || total
-------------------------+-------+-------++-------
Melee: War axe           |    79 |    28 ||   107
Evoke: Wand              |       |     4 ||     4
  Use: Potion            |     3 |     3 ||     6
       Scroll            |     3 |     2 ||     5
 Stab: Invisible         |       |     2 ||     2
Armor: Scale mail        |    33 |    15 ||    48
Dodge: Dodged            |    10 |     8 ||    18
Block: Shield            |    47 |    26 ||    73
